 Dungeon Crawl Stone Soup version 0.28-a0-793-g31680bbd8b (webtiles) character file.

Game seed: 2558731674118579688

33 demibob the Ruffian (level 3, -7/31 HPs)
             Began as a Ghoul Monk on Nov 4, 2021.
             Mangled by Natasha (8 damage)
             ... on level 2 of the Dungeon.
             The game lasted 00:01:47 (971 turns).

demibob the Ruffian (Ghoul Monk)                     Turns: 971, Time: 00:01:47

Health: -7/31      AC:  2    Str: 14    XL:     3   Next: 29%
Magic:  2/2        EV: 12    Int:  5    God:
Gold:   57         SH:  0    Dex: 12    Spells: 2/2 levels left

rFire   . . .      SeeInvis .     - Unarmed
rCold   + . .      Faith    .   (no shield)
rNeg    + + +      Spirit   .   a - +0 robe
rPois   ∞          Reflect  .   (no helmet)
rElec   .          Harm     .   (no cloak)
rCorr   .          Rampage  .   (no gloves)
Will    .....                   (no boots)
Stlth   ++........              (no amulet)
HPRegen 0.00/turn               (no ring)
MPRegen 0.08/turn               (no ring)

@: inhibited regen
A: claws 1, cold resistance 1, negative energy resistance 3, inhibited
regeneration, torment resistance 2
a: no special abilities


You were on level 2 of the Dungeon.
You visited 1 branch of the dungeon, and saw 2 of its levels.

You collected 57 gold pieces.


Innate Abilities, Weirdness & Mutations

You thrive by killing the living.
You are immune to poison.
You have sharp fingernails.
Your flesh is cold resistant. (rC+)
You are immune to negative energy. (rN+++)
You do not regenerate when monsters are visible.
You are immune to unholy pain and torment.


   Skills:
 - Level 3.2 Fighting
 - Level 2.6 Dodging
 - Level 2.1 Stealth
 + Level 4.7 Unarmed Combat


You had 2 spell levels left.
You didn't know any spells.
Your spell library was empty.

Inventory:

Armour
 a - a +0 robe (worn)
Jewellery
 d - an amulet of faith {!P}
Scrolls
 b - 2 scrolls of identify {unknown}
 c - a scroll of magic mapping {unknown}
 e - a scroll of fear {unknown}

Dungeon Overview and Level Annotations

Branches:
Dungeon (2/15)

Altars:

Shops:
D:2 =

Annotations:
D:2 Natasha

w..... ##.....##........
..h...####...###........
........##### ##........
........w..####..##.##.>
...$.......##.##......
#................###
#......##.>......###
####h........#.#....
#..@..###..#.#......
#...##.##...##...#####
.....## #.##.######.# #
.... #.##.# #.# ...
#.###..#.######.##### ..
#...................# .
########......##.....
#..####.####.##
######.## #..###..#


You could see Natasha and a dart slug (wandering).


Message History

Natasha is lightly wounded.
Natasha misses you.
You miss Natasha.
Natasha is lightly wounded.
Natasha casts a spell at you. The magic dart hits you.
* * * LOW HITPOINT WARNING * * *
You closely miss Natasha.
Natasha is lightly wounded.
Natasha wildly gestures.
Natasha shimmers violently.
Natasha barely misses you.
You scratch Natasha.
Natasha is moderately wounded.
Natasha casts a spell at you. The magic dart hits you.
* * * LOW HITPOINT WARNING * * *
You claw Natasha!
Natasha is almost dead.
Natasha casts a spell at you. You resist with significant effort.
You barely miss Natasha.
Natasha is almost dead.
Natasha barely misses you.
You closely miss Natasha.
Natasha is almost dead.
Natasha wildly gestures.
Natasha's front paws start to glow.
Natasha claws you!
You die...

Skill      XL: |  1  2 |
---------------+-------+-----
Unarmed Combat | 4 |  4.7
Fighting       | |  3.2
Dodging        | |  2.6
Stealth        | |  2.1

Action                   || total
-------------------------++-------
Melee: Unarmed           ||    60
  Use: Potion            ||     3
 Stab: Sleeping          ||     4
Armor: Robe              ||    11
Dodge: Dodged            ||    36

Levels and vault maps discovered:
D:1:      evilmike_arrival_hilbert_curve, layout_loops_ring, kennysheep_doodads
D:2:      layout_rooms, serial_shops, shop, uniq_terence, uniq_natasha

Notes
Turn   | Place    | Note
-------+----------+-------------------------------------------
     0 | D:1      | demibob the Ghoul Monk began the quest for the Orb.
     0 | D:1      | Reached XP level 1. HP: 19/19 MP: 0/0
   231 | D:1      | Reached XP level 2. HP: 26/26 MP: 1/1
   277 | D:1      | Reached skill level 4 in Unarmed Combat
   749 | D:2      | Reached XP level 3. HP: 31/31 MP: 2/2
   766 | D:2      | Found Jysm's Jewellery Boutique.
   948 | D:2      | Noticed Natasha
   968 | D:2      | HP: 1/31 [Natasha/magic dart (5)]
   971 | D:2      | Mangled by Natasha

Vanquished Creatures
  An adder (D:2)
  4 bats
  3 endoplasms
  A giant cockroach (D:1)
  4 goblins
  3 hobgoblins (D:1)
  A quokka (D:1)
  A ball python (D:2)
  A frilled lizard (D:2)
  A kobold (D:1)
  2 rats (D:1)
22 creatures vanquished.

Table legend: (Time is in decaauts)
 A = Elapsed time spent in this place.
 B = Non-inter-level travel time spent in this place.
 C = Inter-level travel time spent in this place.
 D = Time resting spent in this place.
 E = Time spent auto-exploring this place.
 F = Levels seen in this place.
 G = Mean time per level.
                   A        B        C        D        E       F      G
               +--------+--------+--------+--------+--------+-----+--------+
         Total |    966 |    938 |     28 |      4 |    764 |   2 |  483.0 |
       Dungeon |    966 |    938 |     28 |      4 |    764 |   2 |  483.0 |
               +--------+--------+--------+--------+--------+-----+--------+

Top non-repeatable levels by time:
     D:1: 643 daAuts
     D:2: 322 daAuts

Table legend:
 A = Non-vault XP
 B = Vault XP
 C = Vault XP percentage of total XP
 D = Non-vault monster count
 E = Vault monster count
 F = Vault count percentage of total count
                 A         B        C        D         E       F
            +---------+---------+-------+---------+---------+-------
      Total |      48 |       0 |   0.0 |      22 |       0 |   0.0
            +---------+---------+-------+---------+---------+-------
        D:1 |      28 |       0 |   0.0 |      16 |       0 |   0.0
        D:2 |      20 |       0 |   0.0 |       6 |       0 |   0.0
            +---------+---------+-------+---------+---------+-------
